 Dungeon Crawl Stone Soup version 0.24-a0-613-g1ff6aac338 (webtiles) character file.

Game seed: 5737451494358218618, levelgen mode: deterministic

623 Jorund the Chopper (level 7, 0/48 HPs)
             Began as a Formicid Arcane Marksman on Sept 11, 2019.
             Slain by a gargoyle
             ... wielding a +0 flail
              (11 damage)
             ... on level 6 of the Dungeon.
             The game lasted 00:12:37 (4774 turns).

Jorund the Chopper (Formicid Arcane Marksman)       Turns: 4774, Time: 00:12:38

Health: 0/48       AC:  6    Str: 14    XL:     7   Next: 75%
Magic:  11/11      EV: 11    Int: 15    God:
Gold:   249        SH:  0    Dex: 11    Spells: 5/11 levels left

rFire    . . .     SeeInvis +   j - +0 hand axe
rCold    + . .     Gourm    .   (no shield)
rNeg     . . .     Faith    .   l - +2 leather armour {rC+}
rPois    .         Spirit   .   (helmet unavailable)
rElec    .         Reflect  .   k - +0 cloak
rCorr    +         Harm     .   (no gloves)
MR       .....     Clarity  +   (no boots)
Stlth    ++........             (no amulet)
HPRegen  0.16/turn              h - ring of stealth
MPRegen  0.12/turn              m - ring of resist corrosion

@: no status effects
A: permanent stasis, dig shafts and tunnels, four strong arms, antennae 3,
yellow scales 1, clarity, deformed body
a: Dig, Shaft Self


You were on level 6 of the Dungeon.
You were not hungry.

You visited 1 branch of the dungeon, and saw 6 of its levels.

You collected 249 gold pieces.

Inventory:

Hand Weapons
 a - a +0 hand crossbow
 j - a +0 hand axe (weapon)
Missiles
 e - 6 javelins (quivered)
 q - 3 bolts
Armour
 k - a +0 cloak (worn)
 l - a +2 leather armour of cold resistance (worn)
 u - the +6 chain mail of Ulaozuih {rN+ Int+3 Stlth-}
   (You found it on level 6 of the Dungeon)

   It affects your intelligence (+3).
   It protects you from negative energy.
   It makes you less stealthy.
Jewellery
 h - a ring of stealth (left hand)
 m - a ring of resist corrosion (right hand)
Wands
 n - a wand of flame (13)
 r - a wand of paralysis (2)
Scrolls
 b - 7 scrolls of remove curse
 d - 2 scrolls of identify
 i - a scroll of magic mapping
 t - a scroll of immolation
Potions
 c - a potion of flight
 g - 2 potions of lignification
 o - a potion of haste
 p - a potion of ambrosia
Comestibles
 f - 7 rations
 s - 2 chunks of flesh


   Skills:
 - Level 1.3 Fighting
 * Level 5.7 Axes
 - Level 3.0 Crossbows
 + Level 0.8 Armour
 - Level 1.7 Dodging
 + Level 2.9 Spellcasting
 + Level 5.3 Hexes


You had 5 spell levels left.
You knew the following spells:

 Your Spells              Type           Power        Failure   Level  Hunger
a - Corona                Hex            ###....      2%          1    #......
b - Slow                  Hex            ###.....     4%          2    ##.....
c - Inner Flame           Hex/Fire       ##......     26%         3    ###....

Your spell library contained the following spells:

 Spells                   Type           Power        Failure   Level  Hunger
 Portal Projectile        Hex/Tloc       ##....       26%         3    ###....
 Cause Fear               Hex            ###.......   28%         4    #####..
 Leda's Liquefaction      Hex/Erth       ##........   63%         4    #####..


Dungeon Overview and Level Annotations

Branches:
Dungeon (7/15)             Temple (0/1) D:4

Altars:
Cheibriados
Dithmenos
Gozag
Ru
Wu Jian
Zin


Innate Abilities, Weirdness & Mutations

You cannot be hasted, slowed, berserked, paralysed or teleported.
You can dig through walls and to a lower floor.
Your four strong arms can wield two-handed weapons with a shield.
You have a pair of large antennae on your head. (SInv)
You are partially covered in yellow scales. (AC +2)
You possess an exceptional clarity of mind.
Armour fits poorly on your strangely shaped body.


Message History

The gargoyle easily resists.
The gargoyle hurls a stone arrow at you.
The stone arrow hits you!
* * * LOW HITPOINT WARNING * * *
Evoke which item? (* to show all) (? for menu, Esc to quit)
Okay, then.
Okay, then.
Evoke which item? (* to show all) (? for menu, Esc to quit)
Aiming: Paralyse
Press: ? - help, Shift-Dir - straight line, f/p - gargoyle
Aim: a gargoyle, wielding a +0 flail (chance to defeat MR: 28%)
The gargoyle easily resists.
The gargoyle hurls a stone arrow at you.
The stone arrow misses you.
Evoke which item? (* to show all) (? for menu, Esc to quit)
Aiming: Paralyse
Press: ? - help, Shift-Dir - straight line, f/p - gargoyle
Aim: a gargoyle, wielding a +0 flail (chance to defeat MR: 28%)
The gargoyle easily resists.
The gargoyle hits you with a +0 flail!
You die...

#.....#.# ...
#.....#.##.#####
#....>..........
#.......[###.#.#
#......<.....#
###.##...#...#
#......#.#.#
####.9...#.#
#.#@#...#
#.#.....# #S#
#.#.#...# ..
#.##### #. #...#
#. ###.# ####
... #... ...
#... ..... #...


You could see a gargoyle.

Vanquished Creatures
  An ogre (D:6)
  A hound (D:6)
  A bullfrog skeleton (D:7)
  An orc priest (D:3)
  Terence (D:2)
  An iguana (D:4)
  3 orc wizards
  4 worker ants
  A hound skeleton (D:4)
  4 gnolls
  A howler monkey skeleton (D:4)
  6 adders
  2 oozes
  4 worms
  4 dart slugs
  2 leopard geckos
  9 orcs
  4 giant cockroaches
  9 goblins
  7 hobgoblins
  4 jackals (D:2)
  A quokka (D:2)
  11 bats
  5 frilled lizards
  13 kobolds
  A quokka skeleton (D:4)
  9 rats
110 creatures vanquished.

Notes
Turn   | Place    | Note
-------+----------+-------------------------------------------
     0 | D:1      | Jorund the Formicid Arcane Marksman began the quest for the
                  | Orb.
     0 | D:1      | Reached XP level 1. HP: 15/15 MP: 2/2
   201 | D:1      | Reached XP level 2. HP: 21/21 MP: 0/3
   511 | D:1      | Reached XP level 3. HP: 26/26 MP: 4/4
   984 | D:1      | Reached XP level 4. HP: 31/32 MP: 6/6
  1601 | D:2      | Reached skill level 1 in Axes
  1641 | D:2      | Found a sacrificial altar of Ru.
  1647 | D:2      | Found an ornate altar of the Wu Jian Council.
  1857 | D:2      | Noticed Terence
  1871 | D:2      | Killed Terence
  1871 | D:2      | Reached XP level 5. HP: 25/37 MP: 5/8
  2062 | D:2      | Found a shadowy altar of Dithmenos.
  2242 | D:2      | Found a glowing silver altar of Zin.
  2244 | D:2      | Found a snail-covered altar of Cheibriados.
  2245 | D:2      | Found an opulent altar of Gozag.
  2501 | D:3      | Gained mutation: You are partially covered in yellow
                  | scales. (AC +2) [potion of mutation]
  2501 | D:3      | Gained mutation: Armour fits poorly on your strangely
                  | shaped body. [potion of mutation]
  2501 | D:3      | Gained mutation: You possess an exceptional clarity of
                  | mind. [potion of mutation]
  2646 | D:3      | Learned a level 2 spell: Slow
  2714 | D:3      | Reached XP level 6. HP: 37/43 MP: 9/9
  2762 | D:3      | Reached skill level 5 in Hexes
  3717 | D:4      | Reached XP level 7. HP: 42/48 MP: 11/11
  3875 | D:4      | Found a staircase to the Ecumenical Temple.
  3936 | D:4      | You fall into a shaft and drop 2 floors!
  4004 | D:6      | Reached skill level 5 in Axes
  4515 | D:7      | Learned a level 3 spell: Inner Flame
  4591 | D:6      | Got an ichor-stained chain mail
  4594 | D:6      | Identified the +6 chain mail of Ulaozuih {rN+ Int+3 Stlth-}
                  | (You found it on level 6 of the Dungeon)
  4768 | D:6      | Noticed a gargoyle
  4774 | D:6      | Slain by a gargoyle

Levels and vault maps discovered:
D:1:      elethiomel_arrival_maze, layout_basic, minmay_heptomino_l4
D:2:      layout_basic, nicolae_overflow_hidden_temple,
          grunt_temple_overflow_open, uniq_terence
D:3:      layout_loops_corners, chequers_arboretum
D:4:      layout_gridville, temple_fountains, first_ration, serial_shops, shop
D:6:      layout_basic
D:7:      layout_basic, tgw_xom, grunt_livestock

Skill      XL: |  1  2  3  4  5  6  7 |
---------------+----------------------+-----
Hexes          | 4 5 |  5.3
Crossbows      | 3 |  3.0
Axes           | 2 4 5 |  5.7
Spellcasting   | 2 |  2.9
Fighting       | |  1.3
Armour         | |  0.8
Dodging        | |  1.7

Action                   |  1- 3 |  4- 6 |  7- 9 || total
-------------------------+-------+-------+-------++-------
Melee: Hand axe          |     3 |   177 |    64 ||   244
 Fire: Hand crossbow     |    62 |    92 |    27 ||   181
Throw: Javelin           |       |     6 |     2 ||     8
 Cast: Corona            |     9 |     6 |     3 ||    18
       Slow              |       |       |     6 ||     6
Evoke: Wand              |       |       |     5 ||     5
  Use: Scroll            |       |     7 |     4 ||    11
       Potion            |       |     2 |       ||     2
 Stab: Sleeping          |       |     2 |       ||     2
  Eat: Ration            |       |     1 |     1 ||     2
       Chunk             |       |     5 |     2 ||     7
Armor: Robe              |     7 |    46 |       ||    53
       Leather armour    |       |     3 |    17 ||    20
Dodge: Dodged            |    20 |   151 |    40 ||   211

Table legend:
 A = Non-vault XP
 B = Vault XP
 C = Vault XP percentage of total XP
 D = Non-vault monster count
 E = Vault monster count
 F = Vault count percentage of total count
                 A         B        C        D         E       F
            +---------+---------+-------+---------+---------+-------
      Total |     851 |      40 |   4.5 |     106 |       4 |   3.6
            +---------+---------+-------+---------+---------+-------
        D:1 |      67 |       4 |   5.6 |      28 |       3 |   9.7
        D:2 |      94 |      36 |  27.7 |      32 |       1 |   3.0
        D:3 |     267 |       0 |   0.0 |      29 |       0 |   0.0
        D:4 |     164 |       0 |   0.0 |      10 |       0 |   0.0
        D:6 |     204 |       0 |   0.0 |       4 |       0 |   0.0
        D:7 |      55 |       0 |   0.0 |       3 |       0 |   0.0
            +---------+---------+-------+---------+---------+-------
